 Dungeon Crawl Stone Soup version 0.30.1-9-gdf580d7c3d (webtiles) character file.

Game seed: 8392065473674318867

13 Zonian the Chiller (level 2, 0/15 HPs)
             Began as a Deep Elf Ice Elementalist on Oct 6, 2023.
             Slain by a gnoll
             ... wielding a +0 spear of venom
              (7 damage)
             ... on level 1 of the Dungeon.
             The game lasted 00:00:48 (658 turns).

Zonian the Chiller (Deep Elf Ice Elementalist)       Turns: 658, Time: 00:00:49

Health: 0/15       AC:  2    Str:  5    XL:     2   Next: 24%
Magic:  8/8        EV: 13    Int: 19    God:
Gold:   68         SH:  0    Dex: 15    Spells: 6/7 levels left

rFire   . . .        d - +0 sling (flame)
rCold   . . .        (no shield)
rNeg    . . .        a - +0 robe
rPois   .            (no helmet)
rElec   .            (no cloak)
rCorr   .            (no gloves)
SInv    .            (no boots)
Will    .....        (no amulet)
Stlth   ++           (no ring)
HPRegen 0.22/turn    (no ring)
MPRegen 0.11/turn

%: no passive effects
@: lethally poisoned (0 -> -5)
A: no striking features
a: no special abilities


You were on level 1 of the Dungeon.
You visited 1 branch of the dungeon, and saw 2 of its levels.

You collected 68 gold pieces.

Inventory:

Hand Weapons
 d - a +0 sling of flaming (weapon)
 j - a +0 dagger
Missiles
 f - 6 poisoned darts
Armour
 a - a +0 robe (worn)
Scrolls
 c - a scroll of noise {unknown}
 e - 2 scrolls of acquirement {unknown}
 g - a scroll of fog {unknown}
Potions
 b - a potion of magic
 h - a potion of might {unknown}
 i - a potion of brilliance {unknown}


   Skills:
 + Level 2.7 Dodging
 + Level 2.8 Stealth
 + Level 3.3 Spellcasting
 + Level 4.5 Ice Magic


You had 6 spell levels left.
You knew the following spells:

 Your Spells              Type           Power      Damage    Failure   Level
a - Freeze                Ice            80%        1d9       2%          1

Your spell library contained the following spells:

 Spells                   Type           Power      Damage    Failure   Level
 Frozen Ramparts          Ice            40%        1d7       7%          3
 Ozocubu's Armour         Ice            20%        N/A       7%          3
 Summon Ice Beast         Ice/Summ       11%        N/A       50%         4


Dungeon Overview and Level Annotations

Branches:
Dungeon (2/15)

Altars:


Message History

There is a shaft here.
Found a short sword.
There is a shaft here.
There is a stone staircase leading down here.
There is a stone staircase leading down here.
A kobold comes into view. It is wielding a +0 dagger.
The kobold shouts!
Unknown command.
You shoot a sling bullet. The sling bullet hits the kobold!
The sling bullet burns the kobold.
You kill the kobold!
No target in view!
Unknown command.
Things that are here:
a +0 dagger; 5 stones; a kobold corpse
j - a +0 dagger Done exploring.
Done exploring.
Unknown command.
(D) Dungeon
Where to? (? - help)
You see here 3 stones.
There is a stone staircase leading down here.
You climb downwards.
The gnoll shouts! x3; You hear a shout!
Found a scroll labelled IXKAMIKKEX and 5 gold pieces.
Found an escape hatch in the floor.
Found two stone staircases leading down.
There is a stone staircase leading up here.
There are monsters nearby!
The bat misses you. The gnoll closely misses you.
You climb upwards.
There is a stone staircase leading down here.
Unknown command.
The gnoll attacks as you move away!
The gnoll hits you with a +0 spear of venom!
You are poisoned.
You feel sick.
The gnoll hits you from afar with a +0 spear of venom!
You die...

#.#.# #.# .#..#
#.##############
#.#.###............).#####
#........................#
###.##########..####†###.#
#.# #..# #.###.# #.# #g.#
#.#)..## #.#
##.>####..##..##### ###.#
#.g(@..#..#.......###
....#
#...##.#..#...###....
###.####
#...##............###
.......#
#.......).........#
.##.##.#
#...####.##..####.#
.##.##.######............#
#.#
.##.............####÷#####
#.# .##.##>####..........#
#.### .##.##.#
#.....####.### #....


You could see 2 gnolls.

Vanquished Creatures
  3 ball pythons (D:1)
  2 endoplasms (D:1)
  A giant cockroach (D:1)
  A goblin (D:1)
  A hobgoblin (D:1)
  2 bats (D:1)
  A frilled lizard (D:1)
  A kobold (D:1)
12 creatures vanquished.

Notes
Turn   | Place    | Note
-------+----------+-------------------------------------------
     0 | D:1      | Zonian the Deep Elf Ice Elementalist began the quest for
                  | the Orb.
     0 | D:1      | Reached XP level 1. HP: 10/10 MP: 6/6
   299 | D:1      | Reached XP level 2. HP: 15/15 MP: 8/8
   658 | D:1      | Slain by a gnoll

Illustrated notes

Levels and vault maps discovered:
D:1:      wheals_arrival_shading, layout_loops_ring
D:2:      layout_rooms, basic_altar, hangedman_decor_push

Action                     || total
---------------------------++-------
   Fire: Sling             ||    22
   Cast: Freeze            ||     4
 Armour: Robe              ||     1
  Dodge: Dodged            ||     5
